 Dungeon Sprint DCSS version 0.23.0-3-gf3c87f2 (webtiles) character file.

Game seed: 12311377740037198199

3100000 Fang the Spry (level 9, -35/55 HPs)
             Began as a Felid Berserker on Feb 21, 2019.
             Was an Initiate of Makhleb.
             Annihilated by a meat berserker
             ... wielding a +9 battleaxe
              (65 damage)
             ... in the Dungeon (Sprint VIII: "Arena of Blood").
             The game lasted 00:00:31 (31 turns).

Fang the Spry (Felid Berserker)                       Turns: 31, Time: 00:00:31

Health: -35/55     AC:  2    Str: 13    XL:     9   Next: 71%
Magic:  10/10      EV: 36    Int:  8    God:    Makhleb [......]
Gold:   0          SH:  0    Dex: 20    Spells: 8/8 levels left
                                        Lives:  0   Deaths: 2

rFire    . . .     SeeInvis +     - Unarmed
rCold    . . .     Gourm    .   (shield unavailable)
rNeg     . . .     Faith    .   (armour unavailable)
rPois    .         Spirit   .   (helmet unavailable)
rElec    .         Reflect  .   (cloak unavailable)
rCorr    .         Harm     .   (gloves unavailable)
MR       +....     NoTele   +   (boots unavailable)
Stlth    ++........             (no amulet)
HPRegen  0.18/turn              (no ring)
MPRegen  0.12/turn              (no ring)

@: quick
A: very small, no armour, no weapons or thrown items, stealth, claws 1, fangs 3,
see invisible, carnivore, speed 1, shaggy fur 2, slow metabolism 1, sharp paws
a: Renounce Religion


You were in the Dungeon.
You worshipped Makhleb.
Makhleb was noncommittal.
You were not hungry.

You visited 1 branch

Inventory:

Scrolls
 g - a scroll of blinking
Potions
 b - a potion of curing
 c - a potion of heal wounds
 d - a potion of haste
 e - 2 potions of magic
 f - a potion of berserk rage
Comestibles
 a - a ration


   Skills:
 + Level 16.6 Fighting
 + Level 20.6 Dodging
 + Level 16.6 Unarmed Combat


You had 8 spell levels left.
You didn't know any spells.
Your spell library was empty.

Dungeon Overview and Level Annotations

Branches:
Dungeon (1/1)

Altars:
Makhleb


Innate Abilities, Weirdness & Mutations

You cannot wear armour.
You are incapable of wielding weapons or throwing items.
Your paws allow you to move quietly. (Stealth)
You have sharp claws.
You have razor-sharp teeth.
You have supernaturally acute eyesight. (SInv)
You are carnivorous and can eat meat at any time.
You cover ground quickly.
You are covered in thick fur. (AC +2)
You have a slow metabolism.
Your sharp claws are effective at attacking unaware monsters.


Message History

The bag of meat is lightly wounded.
You hear a shout!
The meat berserker barely misses you.
A bag of meat comes into view. It is wielding a +9 war axe.
You hear a shout!
You closely miss the bag of meat.
The bag of meat is lightly wounded.
The bag of meat shouts!
You hear a shout! x4
The meat berserker completely misses you.
You hear a shout!
A bag of meat comes into view. It is wielding a +9 war axe.
You hear a shout! x2
The bag of meat barely misses you.
The bag of meat shouts!
You mangle the bag of meat!!
The bag of meat is lightly wounded.
You hear a shout! x2
The meat berserker hits you with a +9 battleaxe!!!
Ouch! That really hurt!
You die...

..O###.......###..o..O...
........###......†OO.oV.#
#........_...........o...
.. #.....#..o....#.#..
..o #_=<._#...........
...o#o)...#O.....#.#.#.
......._..O............
......###.........#.#.#
..###.OO@Oo.###....... .
#...oO..# ........
#....oo.# .......
.....o..oO. o.....
.......O...o...
.............o#
............##o
..#........#.


You could see a large bag of meat (inner flame), 7 meat berserkers and 12 bags
of meat.

Vanquished Creatures
  An orc (D)
1 creature vanquished.

Notes
Turn   | Place    | Note
-------+----------+-------------------------------------------
     0 | D        | Fang the Felid Berserker began the quest for the Orb.
     0 | D        | Reached XP level 1. HP: 10/10 MP: 2/2
     4 | D        | Fell from the grace of Trog
     4 | D        | Became a worshipper of Makhleb the Destroyer
     4 | D        | Noticed a bag of meat
     6 | D        | Noticed a bag of meat
     8 | D        | Noticed a bag of meat
     8 | D        | Noticed a bag of meat
     9 | D        | Noticed a bag of meat
    14 | D        | Killed a bag of meat
    14 | D        | Reached skill level 20 in Dodging
    14 | D        | Reached XP level 2. HP: 27/27 MP: 3/3
    14 | D        | Reached XP level 3. HP: 31/31 MP: 4/4
    14 | D        | Reached XP level 4. HP: 35/35 MP: 5/5
    14 | D        | Reached XP level 5. HP: 39/39 MP: 6/6
    14 | D        | Gained mutation: You are covered in thick fur. (AC +2)
                  | [Felid growth]
    14 | D        | Reached XP level 6. HP: 43/43 MP: 7/7
    14 | D        | Reached XP level 7. HP: 47/47 MP: 8/8
    14 | D        | Reached XP level 8. HP: 51/51 MP: 9/9
    14 | D        | Reached XP level 9. HP: 55/55 MP: 10/10
    14 | D        | Reached XP level 10. HP: 59/59 MP: 11/11
    14 | D        | Reached XP level 11. HP: 63/63 MP: 12/12
    14 | D        | Noticed a bag of meat
    17 | D        | Noticed a meat berserker
    17 | D        | Slain by a bag of meat
    18 | D        | Reached XP level 10. HP: -5/59 MP: 11/11
    18 | D        | Noticed a meat berserker
    18 | D        | Noticed a bag of meat
    18 | D        | Noticed a bag of meat
    19 | D        | Noticed a meat berserker
    19 | D        | Noticed a meat berserker
    19 | D        | Noticed a bag of meat
    19 | D        | Noticed a destroyer
    19 | D        | Noticed a bag of meat
    19 | D        | Noticed a bag of meat
    19 | D        | Noticed a bag of meat
    20 | D        | Noticed a bag of meat
    20 | D        | Noticed a bag of meat
    20 | D        | Noticed a bag of meat
    20 | D        | Noticed a bag of meat
    21 | D        | Slain by a meat berserker
    22 | D        | Reached XP level 9. HP: -4/55 MP: 10/10
    22 | D        | Noticed a bag of meat
    22 | D        | Noticed a bag of meat
    22 | D        | Noticed a bag of meat
    22 | D        | Noticed a bag of meat
    22 | D        | Noticed a meat berserker
    23 | D        | Noticed a bag of meat
    24 | D        | Noticed a meat berserker
    24 | D        | Noticed a bag of meat
    24 | D        | Noticed a bag of meat
    24 | D        | Noticed a bag of meat
    25 | D        | Noticed a meat berserker
    25 | D        | Noticed a bag of meat
    26 | D        | Noticed a meat berserker
    26 | D        | Noticed a large bag of meat
    27 | D        | Noticed a bag of meat
    29 | D        | Noticed a bag of meat
    30 | D        | Noticed a bag of meat
    31 | D        | Annihilated by a meat berserker

Skill      XL: |  1 |
---------------+----+-----
Fighting       | 16 | 16.6
Dodging        | 20 | 20.6
Unarmed Combat | 16 | 16.6

Action                   |  1- 3 |  4- 6 |  7- 9 | 10-12 || total
-------------------------+-------+-------+-------+-------++-------
Melee: Unarmed           |     1 |       |    10 |     2 ||    13
       Bite              |       |       |     1 |       ||     1
Dodge: Dodged            |     1 |       |     5 |     4 ||    10
